 Dungeon Crawl Stone Soup version 0.29.0-11-gd7f09526c8 (webtiles) character file.

Game seed: 12980372455350472368

844 concernfroge the Fighter (level 7, -15/64 HPs)
             Began as a Mummy Monk on Sept 4, 2022.
             Was a Follower of Ru.
             Demolished by Pikel
             ... wielding a +0 whip of electrocution
              (16 damage)
             ... on level 5 of the Dungeon.
             The game lasted 00:13:50 (5865 turns).

concernfroge the Fighter (Mummy Monk)               Turns: 5865, Time: 00:13:51

Health: -15/64     AC: 22    Str: 16    XL:     7   Next: 68%
Magic:  7/7        EV:  7    Int: 10    God:    Ru [*.....]
Gold:   144        SH:  0    Dex: 14    Spells: 6/6 levels left

rFire   . . .      SeeInvis .   c - +2 flail (protect)
rCold   + . .      Faith    .   (no shield)
rNeg    + + +      Spirit   .   d - +4 chain mail {rF+}
rPois   ∞          Reflect  .   b - +2 helmet
rElec   .          Harm     .   (no cloak)
rCorr   .          Rampage  .   (no gloves)
Will    .....                   (no boots)
Stlth   ..........              (no amulet)
HPRegen 0.20/turn               (no ring)
MPRegen 0.10/turn               (no ring)

@: under a protective aura
A: cold resistance 1, negative energy resistance 3, torment resistance 2, heat
vulnerability 1, hated by all, in touch with death 1, no potions
a: Renounce Religion


You were on level 5 of the Dungeon.
You worshipped Ru.
Ru was aware of your devotion.
You visited 1 branch of the dungeon, and saw 5 of its levels.

You collected 263 gold pieces.
You spent 119 gold pieces at shops.

Inventory:

Hand Weapons
 c - a +2 flail of protection (weapon)
Missiles
 i - 2 poisoned darts (quivered)
 j - 2 boomerangs
Armour
 b - a +2 helmet (worn)
 d - a +4 chain mail of fire resistance (worn)
Wands
 a - a wand of flame (8)
 m - a wand of light (3)
Scrolls
 e - 2 scrolls of identify
 g - 2 scrolls of vulnerability {unknown}
 h - 2 scrolls of teleportation
 k - a scroll of magic mapping
 l - 2 scrolls of enchant weapon {unknown}
 n - a scroll of noise


   Skills:
 + Level 9.3 Fighting
 - Level 2.4 Polearms
 - Level 2.4 Dodging
 - Level 1.5 Stealth


You had 6 spell levels left.
You didn't know any spells.
Your spell library contained the following spells:

 Spells                   Type           Power      Damage    Failure   Level
 Apportation              Tloc           0%         N/A       100%        1
 Slow                     Hex            0%         N/A       100%        1
 Sting                    Tmut/Pois      0%         1d3       100%        1
 Confusing Touch          Hex            0%         N/A       100%        3
 Conjure Flame            Conj/Fire      0%         6-21      100%        3
 Gell's Gravitas          Tloc           0%         N/A       100%        3
 Lesser Beckoning         Tloc           0%         N/A       100%        3
 Teleport Other           Tloc           0%         N/A       100%        3
 Vampiric Draining        Necr           0%         2d6       100%        3
 Sticky Flame             Conj/Fire      0%         2d3       100%        4
 Shatter                  Erth           0%         3d5*      100%        9
 Summon Small Mammal      Summ           Unusable   N/A       N/A         1
 Sublimation of Blood     Necr           Unusable   N/A       N/A         2
 Wereblood                Tmut           Unusable   N/A       N/A         2
 Summon Hydra             Summ           Unusable   N/A       N/A         7

Dungeon Overview and Level Annotations

Branches:
Dungeon (5/15)
 Temple: D:4-7

Altars:
Ru

Shops:
D:2 **[   D:4 !

Annotations:
D:3 Sigmund
D:5 Pikel


Innate Abilities, Weirdness & Mutations

You are immune to poison.
Your flesh is cold resistant. (rC+)
You are immune to negative energy. (rN+++)
You are immune to unholy pain and torment.
You are vulnerable to heat. (rF-)
You are hated by all.
You are in touch with the powers of death.
You do not drink.


Message History

As you read the scroll of fear, it crumbles to dust.
You assume a fearsome visage.
Pikel looks frightened!
The lemure resists with some effort.
The lemure looks frightened! x3
Pikel shouts!
The lemure shouts!
As you read the scroll of fear, it crumbles to dust.
You assume a fearsome visage.
The lemure looks frightened!
Pikel hits you with a +0 whip of electrocution.
* * * LOW HITPOINT WARNING * * *
Okay, then.
You don't have any such object.
Evoke which item? (* to show all) (? for menu, Esc to quit)
You don't have any such object.
Evoke which item? (* to show all) (? for menu, Esc to quit)
You don't have any such object.
Evoke which item? (* to show all) (? for menu, Esc to quit)
Okay, then.
Hit: c) +2 flail (protect)
Press: ? - help, Dir - move target, f - Pikel
Aim: Pikel, wielding a +0 whip of electrocution and wearing a +0 robe (moderately wounded, blind, about 44% to evade your +2 flail of protection)
Okay, then.
Hit: c) +2 flail (protect)
Press: ? - help, Dir - move target, f - Pikel
Aim: Pikel, wielding a +0 whip of electrocution and wearing a +0 robe (moderately wounded, blind, about 44% to evade your +2 flail of protection)
Okay, then.
Aiming: Bolt of Light
Press: ? - help, Shift-Dir - straight line The bolt of light hits Pikel!
Pikel is heavily wounded.
Your attack snaps Pikel out of his fear.
The bolt of light hits the lemure!
You kill the lemure!
That felt strangely unrewarding.
Pikel hits you with a +0 whip of electrocution.
* * * LOW HITPOINT WARNING * * *
Okay, then.
You hit Pikel.
Your weapon exudes an aura of protection.
Pikel is severely wounded.
Pikel hits you but does no damage.
You are electrocuted!
You die...

#.#.###########.#.#
#.#...[.........#.#
#)#^#############.#
#)#.. #)#.# #)#<#
#.###
#.##############
#.....@K.((.(.5(
################


You could see Pikel (blind).

Vanquished Creatures
  A black bear (D:5)
  A lemure (D:5)
  2 phantoms (D:5)
  A scorpion (D:5)
  An orc priest (D:5)
  4 hounds
  A jelly (D:4)
  2 iguanas
  Ijyb (D:3)
  An orc wizard (D:5)
  A mummy (D:4)
  10 gnolls
  5 adders
  A shadow imp (D:5)
  An ufetubus (D:5)
  3 worms
  7 orcs
  11 ball pythons
  5 bats
  12 endoplasms
  2 giant cockroaches (D:3)
  6 goblins
  6 hobgoblins
  A jackal (D:3)
  4 kobolds
  2 quokkas (D:3)
  3 frilled lizards
  2 kobold zombies (D:4)
  2 orc zombies (D:4)
  4 rats
103 creatures vanquished.

Notes
Turn   | Place    | Note
-------+----------+-------------------------------------------
     0 | D:1      | concernfroge the Mummy Monk began the quest for the Orb.
     0 | D:1      | Reached XP level 1. HP: 18/18 MP: 1/1
   331 | D:1      | Reached XP level 2. HP: 24/24 MP: 2/2
   339 | D:1      | Found a faded altar of an unknown god.
   756 | D:1      | Reached skill level 4 in Fighting
   906 | D:2      | Gained mutation: You are in touch with the powers of death.
                  | [Mummy growth]
   906 | D:2      | Reached XP level 3. HP: 30/30 MP: 3/3
   963 | D:2      | Found Qaifocus's General Store.
  1073 | D:2      | Got A Beginning Course on Wizardry
  1118 | D:2      | Found Ytomn's General Store.
  1277 | D:2      | Found Nuwauxol's Armour Shoppe.
  1283 | D:2      | Bought a +0 ring mail for 56 gold pieces
  1294 | D:2      | Bought a +0 helmet for 63 gold pieces
  1871 | D:3      | Reached XP level 4. HP: 23/38 MP: 4/4
  2004 | D:3      | Noticed Sigmund
  2010 | D:3      | Reached skill level 5 in Fighting
  2443 | D:3      | Noticed Ijyb
  2993 | D:3      | Reached XP level 5. HP: 40/46 MP: 5/5
  3092 | D:3      | Killed Ijyb
  3093 | D:3      | Reached skill level 6 in Fighting
  3797 | D:4      | Found Wast's Distillery.
  3851 | D:4      | Got Zenkohoy's Vellum of Gritty Combustion
  4121 | D:4      | Reached XP level 6. HP: 53/53 MP: 6/6
  4165 | D:4      | Reached skill level 7 in Fighting
  4603 | D:4      | Identified the +5 whip "Mikegeb" {venom, rN++ Str+6 Int-5}
  4697 | D:5      | Entered Level 5 of the Dungeon
  4747 | D:5      | Reached skill level 8 in Fighting
  4905 | D:5      | Reached XP level 7. HP: 62/62 MP: 7/7
  5174 | D:5      | Found a sacrificial altar of Ru.
  5419 | D:5      | Became a worshipper of Ru the Awakened
  5420 | D:5      | Gained mutation: You are hated by all. [Ru sacrifice]
  5420 | D:5      | Reached * piety under Ru
  5553 | D:5      | Reached skill level 9 in Fighting
  5845 | D:5      | Noticed Pikel
  5864 | D:5      | HP: 1/64 [Pikel/+0 whip of electrocution (4)]
  5865 | D:5      | Demolished by Pikel

Illustrated notes

Levels and vault maps discovered:
D:1:      evilmike_arrival_plus, layout_basic,
          hellmonk_ecumenical_altar_heavens_door
D:2:      layout_basic, serial_shops, nicolae_shop_hallway_plus, shop_fountains,
          shop
D:3:      layout_basic, kennysheep_generic_room_15, uniq_ijyb, uniq_sigmund
D:4:      layout_basic, serial_curves, eino_curves_02, eino_curves_01,
          serial_shops, shop, minmay_mini_ossuary
D:5:      layout_basic, marbit_many_paths,
          chequers_temple_overflow_statue_of_worship, patterned_corridor,
          uniq_pikel

Skill      XL: |  1  2  3  4  5  6  7 |
---------------+----------------------+-----
Fighting       | 4 5 6 8 9 |  9.3
Polearms       | |  2.4
Dodging        | |  2.4
Stealth        | |  1.5

Action                   |  1- 3 |  4- 6 |  7- 9 || total
-------------------------+-------+-------+-------++-------
Melee: Spear             |    50 |       |       ||    50
       Dagger            |    97 |    49 |       ||   146
       Flail             |       |   140 |    49 ||   189
       Punch             |       |     5 |     1 ||     6
Throw: Dart              |     6 |    18 |    20 ||    44
       Boomerang         |       |    16 |       ||    16
Invok: Sacrifice Love    |       |       |     1 ||     1
Evoke: Wand              |       |       |     4 ||     4
  Use: Scroll            |     4 |     5 |     2 ||    11
 Stab: Sleeping          |     3 |       |       ||     3
       Invisible         |       |       |     2 ||     2
Armor: Robe              |    11 |       |       ||    11
       Ring mail         |    13 |    27 |       ||    40
       Chain mail        |       |    96 |    54 ||   150
Dodge: Dodged            |    59 |    87 |    18 ||   164
